AoeStats
← CamperCarl

Lombardia

508636999Analyzed
2v2 RM · 8d ago on Sep 23, 2026· 48m 9s· 4 players
Game mode
Random Map
Map size
Medium (4 player)
Population
200
Speed
Normal
Resources
Standard
Victory
Conquest
Starting age
Dark Age
Ending age
Imperial Age
RankedLock teamsTeams togetherTeam positionsShared explorationLock speedFull tech treeHidden civsTurbo modeCheats
Victory
Defeat
🇦🇺 Franks · Australia
1375
+14
🇦🇺 Varangians · Australia
1329
+15
🇮🇳 Magyars · India
1338
-15
🇮🇳 Mongols · India
1314
-14
Hyderabad (Ind)
11:43 Feudal Age
13:13 Loom
14:08 Double-Bit Axe
16:04 Horse Collar
19:02 Castle Age
17:07 Stone Mining
18:00 Gold Mining
21:43 Heavy Plow
22:46 Town Watch
27:15 Scale Barding Armor
27:58 Forging
29:03 Gold Shaft Mining
29:03 Stone Shaft Mining
30:01 Wheelbarrow
33:06 Imperial Age
31:15 Fletching
31:25 Padded Archer Armor
32:14 Bow Saw
32:13 Bodkin Arrow
33:29 Stone Shaft Mining
34:09 Conscription
34:27 Hoardings
34:27 Ballistics
34:48 Husbandry
36:20 Chemistry
35:59 Bloodlines
35:13 Heavy Camel Rider
36:19 Bracer
36:43 Masonry
38:30 Iron Casting
38:38 Siege Engineers
38:49 Leather Archer Armor
39:26 Thumb Ring
38:42 Elite Skirmisher
40:11 Town Patrol
41:21 Parthian Tactics
41:32 Caravan
45:14 Blast Furnace
44:35 Chain Barding Armor
45:35 Murder Holes
[T41] Indian War Lord
10:44 Feudal Age
10:39 Loom
11:54 Double-Bit Axe
18:31 Horse Collar
24:05 Castle Age
22:32 Scale Barding Armor
22:35 Gold Mining
23:13 Bloodlines
25:07 Wheelbarrow
24:12 Light Cavalry
25:15 Chain Barding Armor
25:53 Husbandry
31:55 Fletching
35:14 Corvinian Army
44:53 Imperial Age
44:38 Caravan
44:54 Bodkin Arrow
46:59 Onager
CamperCarl
9:04 Feudal Age
10:59 Double-Bit Axe
14:48 Bloodlines
17:46 Wheelbarrow
20:58 Castle Age
21:38 Scale Barding Armor
21:44 Forging
22:56 Chain Barding Armor
25:45 Bow Saw
25:17 Horse Collar
26:21 Loom
26:48 Fletching
27:29 Bodkin Arrow
28:40 Heavy Plow
35:27 Imperial Age
33:21 Forging
34:14 Scale Mail Armor
34:38 Town Watch
35:29 Chain Mail Armor
35:35 Squires
35:21 Arson
37:44 Plate Mail Armor
36:37 Capped Ram
38:42 Gambesons
40:47 Iron Casting
40:44 Hand Cart
40:45 Siege Ram
41:47 Elite Varangian Guard
46:44 Caravan
GI
6:28 Loom
8:48 Feudal Age
9:35 Double-Bit Axe
15:30 Scale Barding Armor
16:09 Forging
18:52 Wheelbarrow
21:27 Castle Age
20:01 Fletching
21:13 Gold Mining
21:40 Padded Archer Armor
22:08 Town Watch
22:49 Bodkin Arrow
23:46 Gold Shaft Mining
24:37 Bow Saw
25:28 Leather Archer Armor
27:21 Town Patrol
29:48 Stone Mining
31:01 Hand Cart
34:10 Coinage
33:42 Caravan
38:52 Imperial Age
36:12 Ordonnance Companies
39:45 Ballistics
39:37 Masonry
39:06 Heavy Mounted Crossbowman
39:07 Cranequins
41:02 Conscription
41:28 Chain Barding Armor
41:44 Iron Casting
42:44 Chemistry
42:16 Husbandry
41:37 Light Cavalry
44:01 Plate Barding Armor
Connection lost

Rejoining the realm…

Still unreachable

The connection could not be restored.

Session expired

The server has moved on; the page needs a fresh start.